 Dungeon Crawl Stone Soup version 0.29.1-15-g9cfb28693d (webtiles) character file.

Game seed: 18041645443162525497

5940 BuddhaDhamma the Severer (level 10, -1/77 HPs)
             Began as a Minotaur Berserker on Feb 27, 2023.
             Was a High Priest of Trog.
             Slain by a wight
             ... wielding a +0 morningstar
              (5 damage)
             ... on level 8 of the Dungeon.
             The game lasted 00:21:19 (8365 turns).

BuddhaDhamma the Severer (Minotaur Berserker)       Turns: 8365, Time: 00:21:19

Health: -1/77      AC: 16    Str: 32    XL:     10   Next: 54%
Magic:  9/9        EV:  8    Int:  4    God:    Trog [*****.]
Gold:   446        SH:  0    Dex: 10    Spells: 9/9 levels left

rFire   + . .      SeeInvis .   C - +8 executioner's axe (vorpal)
rCold   . . .      Faith    .   (shield currently unavailable)
rNeg    . . .      Spirit   .   s - +1 plate armour {rF+}
rPois   .          Reflect  .   (helmet restricted)
rElec   .          Harm     .   v - +0 cloak
rCorr   .          Rampage  .   w - +1 pair of gloves
Will    .....                   l - +0 pair of boots
Stlth   ..........              (no amulet)
HPRegen 0.22/turn               x - +6 ring of strength
MPRegen 0.11/turn               (no ring)

@: no status effects
A: horns 2, retaliatory headbutt
a: Renounce Religion, Berserk, Trog's Hand, Brothers in Arms


You were on level 8 of the Dungeon.
You worshipped Trog.
Trog was extremely pleased with you.
You visited 1 branch of the dungeon, and saw 8 of its levels.

You collected 446 gold pieces.

Inventory:

Hand Weapons
 C - a +8 vorpal executioner's axe (weapon)
Missiles
 q - 6 throwing nets (quivered)
Armour
 l - a +0 pair of boots (worn)
 s - a +1 plate armour of fire resistance (worn)
 v - a +0 cloak (worn)
 w - a +1 pair of gloves (worn)
Jewellery
 d - a ring of see invisible
 h - a ring of protection from fire
 i - a ring of fire
 x - a +6 ring of strength (left hand)
 y - an amulet of faith
Wands
 f - a wand of iceblast (12)
 m - a wand of paralysis (18)
 r - a wand of digging (4)
 u - a wand of flame (23)
Scrolls
 b - 7 scrolls of teleportation
 c - a scroll of fear
 t - a scroll of magic mapping
 A - a scroll of enchant weapon
 B - a scroll of blinking
Potions
 a - 4 potions of curing
 e - a potion of lignification
 g - 3 potions of haste
 j - 4 potions of flight
 k - a potion of attraction {unknown}
 n - a potion of brilliance {unknown}
 o - a potion of ambrosia {unknown}
 p - 3 potions of heal wounds
 z - a potion of invisibility {unknown}


   Skills:
 - Level 3.6 Fighting
 + Level 18.6 Axes
 - Level 2.4 Armour
 - Level 2.1 Dodging


You had 9 spell levels left.
You didn't know any spells.
Your spell library was empty.

Dungeon Overview and Level Annotations

Branches:
Dungeon (8/15)             Temple (0/1) D:7
   Lair: D:8-11

Altars:
Cheibriados
Fedhas
Hepliaklqana
Kikubaaqudgha
Sif Muna
Vehumet
Yredelemnul

Shops:
D:2 (   D:6 *

Annotations:
D:3 exclusion: oklob plant


Innate Abilities, Weirdness & Mutations

You have a pair of horns on your head.
You reflexively headbutt those who attack you in melee.


Message History

The two-headed ogre is caught in the net!
The two-headed ogre struggles against the net.
The two-headed ogre struggles against the net.
The two-headed ogre struggles against the net.
The two-headed ogre struggles against the net.
A wight comes into view. It is wielding a +0 morningstar.
The two-headed ogre struggles against the net.
The net rips apart, and the two-headed ogre comes free!
You slice the two-headed ogre!!
The two-headed ogre is heavily wounded.
The two-headed ogre closely misses you.
The two-headed ogre hits you with a +0 giant club!
You hit the two-headed ogre.
The two-headed ogre is heavily wounded.
You slash the two-headed ogre! You headbutt the two-headed ogre!
The two-headed ogre is almost dead.
The two-headed ogre barely misses you. The two-headed ogre closely misses you.
You barely miss the two-headed ogre.
The two-headed ogre is almost dead.
The two-headed ogre hits you with a +0 giant spiked club!!
The two-headed ogre closely misses you.
You barely miss the two-headed ogre.
The two-headed ogre is almost dead.
You completely miss the two-headed ogre.
The two-headed ogre is almost dead.
The two-headed ogre hits you with a +0 giant spiked club.
The two-headed ogre hits you with a +0 giant club!
You barely miss the two-headed ogre.
The two-headed ogre is almost dead.
The two-headed ogre hits you with a +0 giant spiked club!
* * * LOW HITPOINT WARNING * * *
The two-headed ogre hits you with a +0 giant club!
* * * LOW HITPOINT WARNING * * *
You slash the two-headed ogre!
You kill the two-headed ogre!
Trog accepts your kill.
You hit the wight.
The wight is lightly damaged.
The wight hits you with a +0 morningstar.
You die...

### . ..# .. #.# .#.
#.# ... #.# #######
###.. #.# #.....#
......#.#####.....#
......z@..........# #
.#....#.#####.....# .#
........# #.....# #.#
##.###### #.....# ..# #
##.###.# ..#
#..###.#### ..#
....#######..##.....#
..##
..........##....†....#
...###
......~....#..<##..∩..#


You could see a wight.

Vanquished Creatures
  A boulder beetle (D:7)
  A two-headed ogre (D:8)
  A komodo dragon (D:8)
  2 polar bears (D:8)
  An unseen horror simulacrum (D:8)
  2 yaks (D:8)
  A water moccasin (D:5)
  Duvessa (D:7)
  4 ice beasts
  A sky beast (D:8)
  2 black bears (D:6)
  An ogre (D:6)
  2 centaurs
  2 phantoms (D:5)
  2 bullfrogs
  2 scorpions
  2 gnoll sergeants
  3 wights (D:6)
  Dowan (D:7)
  5 killer bees (D:7)
  2 electric eels (D:8)
  2 bullfrog zombies (D:5)
  2 centaur zombies (D:5)
  A hound (D:5)
  4 orc priests
  2 jellies
  6 gnoll boudas
  Jessica (D:2)
  3 iguanas
  A scorpion zombie (D:5)
  Natasha (twice) (D:4)
  8 orc wizards
  A hound zombie (D:5)
  2 killer bee simulacra (D:8)
  41 gnolls
  6 adders
  10 river rats (D:5)
  2 howler monkey simulacra (D:8)
  3 white imps
  2 ufetubi (D:8)
  A worm (D:3)
  2 dart slugs
  14 orcs
  3 bats
  6 endoplasms
  4 giant cockroaches
  5 goblins
  4 hobgoblins
  10 jackals
  10 quokkas
  9 ball pythons
  4 frilled lizards
  10 kobolds
  24 rats
244 creatures vanquished.

Vanquished Creatures (others)
  20 fungi
  19 plants
39 creatures vanquished.

Grand Total: 283 creatures vanquished

Notes
Turn   | Place    | Note
-------+----------+-------------------------------------------
     0 | D:1      | BuddhaDhamma the Minotaur Berserker began the quest for the
                  | Orb.
     0 | D:1      | Reached XP level 1. HP: 19/19 MP: 0/0
    53 | D:1      | Reached skill level 4 in Axes
   119 | D:1      | Reached XP level 2. HP: 24/26 MP: 1/1
   686 | D:1      | Reached skill level 5 in Axes
   790 | D:1      | Reached XP level 3. HP: 31/31 MP: 2/2
  1198 | D:2      | Found Joanto's Weapon Emporium.
  1205 | D:2      | Reached ** piety under Trog
  1237 | D:2      | Noticed Jessica
  1249 | D:2      | Killed Jessica
  1250 | D:2      | Reached skill level 6 in Axes
  1250 | D:2      | Reached XP level 4. HP: 39/39 MP: 3/3
  1831 | D:2      | Found a hazy altar of Hepliaklqana.
  2079 | D:3      | Reached skill level 7 in Axes
  2079 | D:3      | Reached XP level 5. HP: 42/45 MP: 4/4
  2158 | D:3      | Found a faded altar of an unknown god.
  2241 | D:3      | Identified the +0 leather armour of Sin {rElec Int+3}
  2809 | D:3      | Found a blossoming altar of Fedhas.
  2820 | D:3      | Noticed an oklob plant
  3421 | D:4      | Reached *** piety under Trog
  3422 | D:4      | Reached skill level 8 in Axes
  3581 | D:4      | Reached XP level 6. HP: 43/51 MP: 5/5
  3779 | D:4      | Reached skill level 9 in Axes
  3971 | D:4      | Reached XP level 7. HP: 52/57 MP: 6/6
  3974 | D:4      | Found an ancient bone altar of Kikubaaqudgha.
  3997 | D:4      | Found a radiant altar of Vehumet.
  4012 | D:4      | Found a shimmering blue altar of Sif Muna.
  4193 | D:4      | Noticed Natasha
  4201 | D:4      | Killed Natasha
  4284 | D:4      | Noticed Natasha
  4289 | D:4      | Killed Natasha
  4290 | D:4      | Reached skill level 10 in Axes
  4328 | D:5      | Entered Level 5 of the Dungeon
  4488 | D:5      | Found a snail-covered altar of Cheibriados.
  4523 | D:5      | Reached skill level 11 in Axes
  4523 | D:5      | Reached **** piety under Trog
  4716 | D:5      | Reached XP level 8. HP: 64/64 MP: 7/7
  4918 | D:5      | Reached skill level 12 in Axes
  5139 | D:5      | Found a basalt altar of Yredelemnul.
  5162 | D:5      | Reached skill level 13 in Axes
  5462 | D:6      | Found Izaigy's Gadget Gallery.
  5497 | D:6      | Reached ***** piety under Trog
  5650 | D:6      | Reached skill level 14 in Axes
  5714 | D:6      | You fall into a shaft and drop 1 floor!
  5753 | D:7      | Noticed a boulder beetle
  5764 | D:7      | Reached XP level 9. HP: 61/70 MP: 8/8
  5772 | D:7      | Killed a boulder beetle
  5773 | D:7      | Reached skill level 15 in Axes
  6621 | D:7      | Reached skill level 16 in Axes
  6703 | D:7      | Found a staircase to the Ecumenical Temple.
  7169 | D:7      | Noticed Duvessa
  7170 | D:7      | Noticed Dowan
  7175 | D:7      | Killed Duvessa
  7188 | D:7      | Killed Dowan
  7614 | D:8      | Received a gift from Trog
  7727 | D:8      | Reached skill level 17 in Axes
  7739 | D:8      | Reached XP level 10. HP: 77/77 MP: 9/9
  8272 | D:8      | Reached skill level 18 in Axes
  8349 | D:8      | Noticed a two-headed ogre
  8363 | D:8      | HP: 3/77 [two-headed ogre/+0 giant spiked club (15)]
  8364 | D:8      | Killed a two-headed ogre
  8365 | D:8      | Slain by a wight

Illustrated notes

Levels and vault maps discovered:
D:1:      dpeg_arrival_round_a, layout_basic
D:2:      minmay_spotlight, layout_loops_ring, basic_altar, serial_shops,
          nicolae_square_shop, uniq_jessica
D:3:      layout_basic, tgw_fedhas, hellmonk_ecumenical_altar_crossroads,
          minmay_stone_trees_large
D:4:      kennysheep_six_static_rooms, layout_cave_pools,
          palyth_temple_overflow_mages, uniq_natasha
D:5:      lemuel_ratsnest, layout_rooms, mainiacjoe_overflow_24_doors,
          nicolae_yredelemnul_corpse_copse, serial_rivers,
          chequers_serial_rivers_micro_b, chequers_serial_rivers_small_b,
          chequers_serial_rivers_micro_d, chequers_serial_rivers_micro_e,
          chequers_serial_rivers_micro_c, chequers_serial_rivers_large_a
D:6:      layout_gridville, serial_rivers, chequers_serial_rivers_small_a,
          chequers_serial_rivers_small_3, chequers_serial_rivers_micro_a,
          chequers_serial_rivers_small_a, nicolae_shop_gadgets
D:7:      layout_loops_ring, minmay_temple_entry_junction,
          kennysheep_cross_room, uniq_duvessa
D:8:      layout_loops_corners, lightli_temple_of_fire,
          okawaru_ov_weapons_minmay, grunt_lair_entry_orc_guard_hut, serial_ice,
          serial_ice_i, serial_ice_e, serial_ice_a, serial_ice_m, serial_ice_f,
          serial_ice_g, serial_ice_o, serial_ice_n, serial_ice_d, serial_ice_h

Skill      XL: |  1  2  3  4  5  6  7  8  9 10 |
---------------+-------------------------------+-----
Axes           | 4 5 6 7 8 9 11 14 17 18 | 18.6
Fighting       | |  3.6
Armour         | |  2.4
Dodging        | |  2.1

Action                   |  1- 3 |  4- 6 |  7- 9 | 10-12 || total
-------------------------+-------+-------+-------+-------++-------
Melee: War axe           |    75 |   138 |   280 |       ||   493
       Hand axe          |     5 |       |       |       ||     5
       Headbutt          |     8 |    21 |    46 |     5 ||    80
       Punch             |     1 |     1 |     6 |       ||     8
       Executioner's axe |       |       |     4 |    41 ||    45
Throw: Throwing net      |       |       |     1 |     1 ||     2
Invok: Berserk           |     2 |     2 |       |       ||     4
Evoke: Wand              |       |       |     3 |     2 ||     5
  Use: Scroll            |       |     8 |    10 |       ||    18
       Potion            |       |       |     1 |       ||     1
Armor: Animal skin       |     4 |       |       |       ||     4
       Ring mail         |    12 |    19 |       |       ||    31
       Plate armour      |       |    39 |   155 |    25 ||   219
       Scale mail        |       |     8 |       |       ||     8
Dodge: Dodged            |    50 |    59 |   103 |    13 ||   225
